 Dungeon Crawl Stone Soup version 0.19-a0-1008-g4c63d25 (webtiles) character file.

5711 Deemzul the Nimble (level 10, -11/106 HPs)
             Began as an Octopode Monk on July 23, 2016.
             Mangled by Snorg (12 damage)
             ... on level 10 of the Dungeon.
             The game lasted 00:15:45 (7528 turns).

Deemzul the Nimble (Octopode Monk)                  Turns: 7528, Time: 00:15:46

Health: -11/106    AC:  4    Str: 15    XL:     10   Next: 76%
Magic:  12/12      EV: 27    Int: 13    God:
Gold:   114        SH:  0    Dex: 20    Spells: 0 memorised, 9 levels left

rFire  . . .     SeeInvis .     a - +0 falchion
rCold  . . .     Gourm    .     (no shield)
rNeg   . . .     Faith    .     L - +1 hat
rPois  +         Spirit   .     E - amulet of rage
rElec  .         Dismiss  .     p - ring of poison resistance
rCorr  .         Reflect  .     u - ring of protection from magic
SustAt +         Harm     .     x - ring of sustain attributes
MR     +....                    (no ring)
Stlth  ..........               A - +4 ring of dexterity
                                N - +4 ring of evasion
                                (no ring)
                                (no ring)

@: berserking, studying Ice Magic, very quick, somewhat resistant to hostile
enchantments, extremely unstealthy
A: almost no armour, amphibious, 8 rings, constrict 8, antennae 1, repulsion
field 1, yellow scales 1, camouflage 1, blink, clumsy 1, gelatinous body 1,
evolution 1, subdued magic 1
a: Blink, Evoke Berserk Rage


You were on level 10 of the Dungeon.
You were hungry.

You visited 2 branches of the dungeon, and saw 13 of its levels.

You collected 445 gold pieces.
You spent 331 gold pieces at shops.

Inventory:

Hand Weapons
 a - a +0 falchion (weapon)
Armour
 L - a +1 hat (worn)
Jewellery
 p - a ring of poison resistance (left tentacle)
 u - a ring of protection from magic (right tentacle)
 x - a ring of sustain attributes (on tentacle)
 A - a +4 ring of dexterity (on tentacle)
 E - an amulet of rage (around mantle)
 N - a +4 ring of evasion (on tentacle)
Wands
 k - a wand of polymorph (22/24)
 n - a wand of digging (5/24)
 t - a wand of confusion (26/48)
 D - a wand of iceblast (5/15)
Scrolls
 d - a scroll of blinking
 e - 3 scrolls of noise
 i - 7 scrolls of remove curse
 l - a scroll of amnesia {unknown}
 m - a scroll of enchant armour
 o - 5 scrolls of teleportation
 s - 8 scrolls of identify
 y - 3 scrolls of immolation
 H - a scroll of random uselessness
 I - 2 scrolls of fog
 J - a scroll of silence
 M - a scroll of recharging
Potions
 h - a potion of lignification
 j - a potion of flight
 r - 7 potions of curing
 v - 2 potions of might
 w - a potion of resistance
 B - a potion of haste {unknown}
 F - a potion of invisibility
 G - 2 potions of degeneration
 K - a potion of cure mutation {unknown}
Books
 g - a manual of Ice Magic
Miscellaneous
 z - a disc of storms
Comestibles
 b - 11 bread rations
 c - 6 meat rations
 f - 6 beef jerkies
 q - 9 slices of pizza
 C - 4 fruits


   Skills:
 + Level 7.4 Fighting
 * Level 10.1 Long Blades
 * Level 10.5 Dodging
 - Level 2.8 Stealth
 - Level 3.0 Evocations


You had 9 spell levels left.
You didn't know any spells.

Dungeon Overview and Level Annotations

Branches:
Dungeon (12/15)            Temple (1/1) D:6            Lair (0/6) D:10
    Orc: D:9-12

Altars:
Ashenzari
Cheibriados
Dithmenos
Elyvilon
Fedhas
Gozag
Hepliaklqana
Kikubaaqudgha
Makhleb
Nemelex Xobeh
Okawaru
Pakellas
Qazlal
Ru
Sif Muna
Trog
Uskayaw
Vehumet
Xom
Yredelemnul
Zin
The Shining One
Beogh

Shops:
D:7 (?%(   D:8 *   D:9 !   D:11 [

Annotations:
D:10 Snorg


Innate Abilities, Weirdness & Mutations

You cannot wear most types of armour.
You are amphibious.
You can wear up to eight rings at the same time.
You can use your tentacles to constrict eight enemies at once.
Your skin changes colour to match your surroundings (Stealth+).
Your rubbery body absorbs attacks. (AC +1)
You have a pair of small antennae on your head.
You are surrounded by a mild repulsion field. (EV +2)
You are partially covered in yellow scales. (AC +2)
You can translocate small distances at will.
You are clumsy. (Dex -2)
You evolve.
Your spells are a little easier to cast, but a little less powerful.


Message History

You slash Snorg! Your squeeze misses Snorg.
Snorg is heavily wounded.
Snorg closely misses you. x3
You slash Snorg!
Snorg is heavily wounded.
Snorg misses you. Snorg claws you!
* * * LOW HITPOINT WARNING * * *
Snorg closely misses you.
You slash Snorg!
Snorg is heavily wounded.
Snorg misses you.
You riposte.
You slash Snorg! You squeeze Snorg!
Snorg is severely wounded.
Snorg misses you. Snorg claws you.
* * * LOW HITPOINT WARNING * * *
You hit Snorg.
Snorg is severely wounded.
Snorg barely misses you. Snorg claws you!!
* * * LOW HITPOINT WARNING * * *
Snorg claws you!
You die...

############
#..........#
#..........# ..
#..?.......#...
.......T)......
#......@...#
#######.####
#.# #.# #.# #.#
####'##
########.....#
.......'.....#


You could see Snorg (berserk).

Vanquished Creatures
  Joseph (D:7)
  A two-headed ogre (D:10)
  Sigmund (D:3)
  A yak (D:7)
  A human (D:7)
  A hippogriff (D:9)
  A hungry ghost (D:9)
  2 wargs
  A hell hound (D:9)
  2 water moccasins
  An orc warrior (D:9)
  4 sky beasts
  A black bear (D:6)
  3 ice beasts
  A necrophage (D:8)
  4 ogres
  4 phantoms
  3 centaurs
  Blork the orc (D:5)
  2 giant frogs
  A gnoll sergeant (D:9)
  A wyvern zombie (D:9)
  3 scorpions
  5 howler monkeys
  3 crimson imps
  A jelly (D:5)
  2 giant frog zombies
  10 orc wizards
  5 hounds
  4 orc priests
  Crazy Yiuf (D:7)
  A centaur skeleton (D:8)
  Jessica (D:3)
  Natasha (D:4)
  3 iguanas
  7 worker ants
  3 sheep (D:7)
  A hound skeleton (D:5)
  2 worker ant zombies (D:7)
  3 gnolls (D:9)
  9 adders
  A shadow imp (D:6)
  An ooze (D:3)
  An adder skeleton (D:6)
  6 worms
  4 dart slugs
  6 giant geckos
  26 orcs
  A ball python (D:2)
  8 giant cockroaches
  5 goblins
  10 hobgoblins
  9 jackals
  8 quokkas
  4 bats
  9 giant newts
  7 kobolds
  12 rats
221 creatures vanquished.

Vanquished Creatures (others)
  An iguana (D:9)
  A worker ant (D:9)
2 creatures vanquished.

Grand Total: 223 creatures vanquished

Notes
Turn   | Place    | Note
-------+----------+-------------------------------------------
     0 | D:1      | Deemzul the Octopode Monk began the quest for the Orb.
     0 | D:1      | Reached XP level 1. HP: 16/16 MP: 1/1
   122 | D:1      | Reached XP level 2. HP: 21/21 MP: 2/2
   148 | D:1      | HP: 1/21 [jackal (2)]
   541 | D:1      | Reached XP level 3. HP: 25/26 MP: 3/3
  1039 | D:2      | Reached XP level 4. HP: 17/31 MP: 4/4
  1493 | D:3      | Noticed Sigmund
  1501 | D:3      | Killed Sigmund
  1501 | D:3      | Reached XP level 5. HP: 27/37 MP: 5/5
  1501 | D:3      | Reached XP level 6. HP: 32/43 MP: 6/6
  1513 | D:3      | Noticed Jessica
  1525 | D:3      | Reached skill level 5 in Long Blades
  1525 | D:3      | Reached skill level 5 in Dodging
  1655 | D:3      | Killed Jessica
  1708 | D:3      | Found a roughly hewn altar of Beogh.
  1921 | D:3      | Reached XP level 7. HP: 40/48 MP: 7/7
  2963 | D:4      | Noticed Natasha
  2972 | D:4      | Killed Natasha
  2972 | D:4      | Reached XP level 8. HP: 45/54 MP: 8/8
  3114 | D:5      | Entered Level 5 of the Dungeon
  3143 | D:5      | Reached skill level 5 in Fighting
  3150 | D:5      | Gained mutation: You are clumsy. (Dex -2) [mutagenic meat]
  3153 | D:5      | Gained mutation: You are surrounded by a mild repulsion field. (EV +2) [mutagenic meat]
  3156 | D:5      | Gained mutation: Your natural rate of healing is unusually fast. [mutagenic meat]
  3159 | D:5      | Gained mutation: You can translocate small distances at will. [mutagenic meat]
  3162 | D:5      | Gained mutation: You are partially covered in yellow scales. (AC +2) [mutagenic meat]
  3165 | D:5      | Gained mutation: You are very clumsy. (Dex -4) [mutagenic meat]
  3309 | D:5      | Noticed Blork the orc
  3331 | D:5      | Killed Blork the orc
  3635 | D:6      | Found a staircase to the Ecumenical Temple.
  3651 | Temple   | Entered the Ecumenical Temple
  4014 | D:6      | Reached XP level 9. HP: 57/62 MP: 9/9
  4606 | D:7      | Noticed Joseph
  4608 | D:7      | Found Qadey's Antique Weapon Emporium.
  4780 | D:7      | Killed Joseph
  4780 | D:7      | Reached skill level 1 in Evocations
  4807 | D:7      | Found Nemupu Kewyi's Magic Scroll Shoppe.
  4817 | D:7      | Bought a scroll of teleportation for 33 gold pieces
  4817 | D:7      | Bought a scroll of fog for 22 gold pieces
  4817 | D:7      | Bought a scroll of remove curse for 33 gold pieces
  4817 | D:7      | Bought a scroll of noise for 11 gold pieces
  4817 | D:7      | Bought a scroll of immolation for 38 gold pieces
  4817 | D:7      | Bought a scroll of silence for 82 gold pieces
  4849 | D:7      | Found a glowing silver altar of Zin.
  4971 | D:7      | Lost mutation: You are very clumsy. (Dex -4) [mutagenic meat]
  4974 | D:7      | Gained mutation: Your spells are a little easier to cast, but a little less powerful. [mutagenic meat]
  4977 | D:7      | Gained mutation: You are partially covered in icy blue scales. (AC +1) [mutagenic meat]
  4980 | D:7      | Gained mutation: You evolve. [mutagenic meat]
  4983 | D:7      | Lost mutation: You are partially covered in icy blue scales. (AC +1) [mutagenic meat]
  5006 | D:7      | Found Soninn's Food Emporium.
  5010 | D:7      | Found Utokoeck's Weapon Emporium.
  5033 | D:7      | Found a runed door.
  5234 | D:7      | Noticed Crazy Yiuf
  5239 | D:7      | Paralysed by something for 3 turns
  5262 | D:7      | Killed Crazy Yiuf
  5497 | D:9      | Reached XP level 10. HP: 58/69 MP: 11/11
  5658 | D:8      | Found Puluax's Elemental Accessories.
  5983 | D:8      | Gained mutation: You have a pair of small antennae on your head. [potion of mutation]
  5983 | D:8      | Lost mutation: Your natural rate of healing is unusually fast. [potion of mutation]
  6220 | D:9      | Found Befuffuck's Distillery.
  6227 | D:9      | Bought a potion of degeneration for 14 gold pieces
  6227 | D:9      | Bought a potion of curing for 42 gold pieces
  6227 | D:9      | Bought a potion of might for 56 gold pieces
  6390 | D:9      | Found a bloodstained altar of Trog.
  6390 | D:9      | Found a glowing golden altar of the Shining One.
  6391 | D:9      | Found an oddly glowing altar of Pakellas.
  6447 | D:9      | Reached skill level 10 in Dodging
  6468 | D:9      | Found a basalt altar of Yredelemnul.
  6705 | D:9      | You fall through a shaft for 3 floors!
  6775 | D:12     | Noticed a cyan ugly thing
  6801 | D:11     | Found Jallecener's Armour Shoppe.
  6801 | D:11     | Noticed a skeletal warrior
  6801 | D:11     | Noticed a skeletal warrior
  6801 | D:11     | Noticed a skeletal warrior
  6801 | D:11     | Noticed a skeletal warrior
  6845 | D:10     | Entered Level 10 of the Dungeon
  6947 | D:10     | Noticed a hill giant
  6948 | D:10     | Found a staircase to the Lair.
  7127 | D:9      | Reached skill level 10 in Long Blades
  7508 | D:10     | Noticed Snorg
  7528 | D:10     | HP: 1/106 [Snorg (19)]
  7528 | D:10     | Mangled by Snorg

Vault maps used:
D:1:      minmay_arrival_hallway
D:2:      minmay_tetromino_o4
D:3:      first_bread, kennysheep_orc_chapel, uniq_sigmund, uniq_jessica
D:4:      uniq_natasha
D:5:      uniq_blork_the_orc
D:6:      minmay_lizard_king
D:7:      zin_academy, serial_shops, shop, shop, shop_scrolls, shop,
          grunt_livestock, minmay_misc_feat_pillars, roderic_ancient_swastika,
          uniq_joseph, uniq_crazy_yiuf_cottage
D:8:      nicolae_elemental_shop
D:9:      lemuel_flame_loot_2, nicolae_overflow_quartered_altars, serial_shops,
          shop_fountains
D:10:     erik_lair_orcish_takeover, david_orc_1_choice, basic_altar,
          minmay_statues_item, serial_park_tiny_1, serial_bayou_ford_a,
          uniq_sonja, uniq_snorg
D:11:     basic_altar, serial_shops, shop, hive_lemuel
Temple:   minmay_crystal_spiral_temple

Skill      XL: |  1  2  3  4  5  6  7  8  9 10 |
---------------+-------------------------------+-----
Dodging        | 4 5 6 7 9 10 | 10.5
Long Blades    | 4 5 6 7 9 10 | 10.1
Fighting       | 4 5 6 7 |  7.4
Evocations     | 2 3 |  3.0
Stealth        | |  2.8

Action                   |  1- 3 |  4- 6 |  7- 9 | 10-12 || total
-------------------------+-------+-------+-------+-------++-------
Melee: Falchion          |    97 |    76 |   505 |   328 ||  1006
       Constrict         |    26 |    19 |    81 |    34 ||   160
       Tentacles         |    19 |    19 |   120 |    91 ||   249
 Abil: Evoke Berserk Rag |       |       |     1 |     1 ||     2
Evoke: Wand              |       |       |       |     1 ||     1
  Use: Potion            |       |     4 |     2 |     2 ||     8
       Scroll            |       |       |       |     9 ||     9
 Stab: Sleeping          |     8 |     5 |    22 |     5 ||    40
       Distracted        |       |     1 |     1 |     1 ||     3
  Eat: Chunk             |       |     3 |    25 |     7 ||    35
       Fruit             |       |       |       |     2 ||     2
Armor: Skin              |     7 |     3 |    53 |    17 ||    80
Dodge: Dodged            |    55 |    34 |   249 |   227 ||   565
